 Dungeon Crawl Stone Soup version 0.28.0-47-ge53b351184 (webtiles) character file.

Game seed: 11063844932639489827

204 pkoi the Gusty (level 5, -2/40 HPs)
             Began as a Demigod Air Elementalist on May 11, 2022.
             Slain by a water moccasin zombie (6 damage)
             ... in an ossuary.
             The game lasted 00:05:06 (4170 turns).

pkoi the Gusty (Demigod Air Elementalist)           Turns: 4170, Time: 00:05:07

Health: -2/40      AC:  3    Str:  9    XL:     5   Next: 26%
Magic:  2/11       EV: 12    Int: 21    God:
Gold:   125        SH:  0    Dex: 14    Spells: 3/8 levels left

rFire   . . .      SeeInvis .   e - +2 dagger (holy)
rCold   . . .      Faith    .   (no shield)
rNeg    . . .      Spirit   .   a - +0 robe
rPois   .          Reflect  .   (no helmet)
rElec   .          Harm     .   (no cloak)
rCorr   .          Rampage  .   (no gloves)
Will    .....                   f - +0 pair of boots
Stlth   ++........              (no amulet)
HPRegen 0.13/turn               (no ring)
MPRegen 0.12/turn               (no ring)

@: no status effects
A: high MP 1, forlorn, divine attributes
a: no special abilities


You were in an ossuary.
You visited 1 branch of the dungeon, and saw 4 of its levels.
You also visited: Ossuary.

You collected 125 gold pieces.

Inventory:

Hand Weapons
 d - a +0 dagger
 e - a +2 dagger of holy wrath (weapon)
Armour
 a - a +0 robe (worn)
 f - a +0 pair of boots (worn)
Magical Staves
 h - a staff of poison
Jewellery
 j - a ring of fire
Wands
 l - a wand of polymorph (8)
Scrolls
 c - a scroll of identify
Potions
 b - a potion of brilliance {unknown}
 g - a potion of haste
 i - a potion of magic {unknown}
 k - 2 potions of lignification {unknown}


   Skills:
 + Level 1.0 Fighting
 + Level 1.2 Armour
 + Level 2.2 Dodging
 - Level 1.7 Stealth
 + Level 2.2 Spellcasting
 + Level 1.3 Conjurations
 + Level 4.5 Air Magic
 + Level 1.0 Poison Magic


You had 3 spell levels left.
You knew the following spells:

 Your Spells              Type           Power      Damage    Failure   Level
a - Shock                 Conj/Air       56%        1d6       4%          1
b - Static Discharge      Conj/Air       14%        N/A       6%          2
c - Poisonous Vapours     Pois/Air       28%        N/A       7%          2

Your spell library contained the following spells:

 Spells                   Type           Power      Damage    Failure   Level
 Swiftness                Air            21%        N/A       7%          3
 Sting                    Tmut/Pois      16%        1d3       12%         1
 Summon Small Mammal      Summ           8%         N/A       14%         1
 Call Canine Familiar     Summ           2%         N/A       41%         3
 Summon Guardian Golem    Hex/Summ       2%         N/A       41%         3
 Airstrike                Air            10%        N/A       22%         4
 Olgreb's Toxic Radiance  Pois           6%         N/A       67%         4
 Lightning Bolt           Conj/Air       7%         1d19      75%         5
 Maxwell's Capacitive Co  Air            10%        ∞         100%        8


Dungeon Overview and Level Annotations

Branches:
Dungeon (4/15)            Ossuary (1/1)
 Temple: D:4-7


Innate Abilities, Weirdness & Mutations

You have an increased reservoir of magic. (+10% MP)
You shall have no god before yourself.
Your divine heritage dramatically boosts your attributes as you level up.


Message History

You punch the water moccasin zombie.
The water moccasin zombie is lightly damaged.
The water moccasin zombie bites you.
* * * LOW HITPOINT WARNING * * *
The water moccasin zombie bites you but does no damage.
You hit the water moccasin zombie.
The water moccasin zombie convulses.
The water moccasin zombie is lightly damaged.
The water moccasin zombie bites you.
* * * LOW HITPOINT WARNING * * *
You completely miss the water moccasin zombie.
The water moccasin zombie is lightly damaged.
The water moccasin zombie bites you.
* * * LOW HITPOINT WARNING * * *
You hit the water moccasin zombie.
The water moccasin zombie convulses.
The water moccasin zombie is moderately damaged.
The water moccasin zombie closely misses you.
You hit the water moccasin zombie.
The water moccasin zombie convulses.
The water moccasin zombie is heavily damaged.
The water moccasin zombie misses you.
You hit the water moccasin zombie.
The water moccasin zombie convulses.
The water moccasin zombie is heavily damaged.
The water moccasin zombie bites you!
* * * LOW HITPOINT WARNING * * *
The water moccasin zombie barely misses you.
You closely miss the water moccasin zombie.
The water moccasin zombie is heavily damaged.
The water moccasin zombie misses you.
You hit the water moccasin zombie.
The water moccasin zombie convulses.
The water moccasin zombie is heavily damaged.
The water moccasin zombie completely misses you.
Unknown command.
Aiming: Shock (safe; 4% risk of failure)
Press: ? - help, Q - select action, (/) - cycle Shift-Dir - straight line, f - water moccasin zombie
Aim: a water moccasin zombie (heavily damaged, 71% to hit)
The zap hits the water moccasin zombie.
The water moccasin zombie is severely damaged.
The zap hits the gnoll zombie.
The gnoll zombie is moderately damaged.
The water moccasin zombie bites you.
You die...

#...'.∩.#!"?!+
#...#...#?!!!#
#...##### ###
#...# ###'#
#...# #...#
#...# #@..#
#Z### #Z. #...
#...# #...#
##+##


You could see a water moccasin zombie and a gnoll zombie.

Vanquished Creatures
  A water moccasin zombie (Ossuary)
  A bullfrog skeleton (D:4)
  5 adders
  2 dart slugs (D:1)
  5 orcs
  7 bats
  8 endoplasms
  5 giant cockroaches
  5 goblins
  2 hobgoblins (D:2)
  4 kobolds
  3 quokkas
  5 ball pythons
  4 frilled lizards
  A hobgoblin zombie (Ossuary)
  2 kobold zombies (Ossuary)
  A quokka zombie (D:4)
  5 rats
  A rat zombie (D:4)
67 creatures vanquished.

Notes
Turn   | Place    | Note
-------+----------+-------------------------------------------
     0 | D:1      | pkoi the Demigod Air Elementalist began the quest for the
                  | Orb.
     0 | D:1      | Reached XP level 1. HP: 14/14 MP: 5/5
   154 | D:1      | Reached skill level 3 in Air Magic
   355 | D:1      | Reached XP level 2. HP: 20/20 MP: 0/7
  1832 | D:2      | Reached skill level 4 in Air Magic
  1832 | D:2      | Reached XP level 3. HP: 26/26 MP: 2/8
  2161 | D:2      | Learned a level 2 spell: Static Discharge
  2164 | D:2      | Learned a level 2 spell: Poisonous Vapours
  2950 | D:3      | Reached XP level 4. HP: 33/33 MP: 5/9
  3200 | D:3      | Reached skill level 1 in Conjurations
  4032 | D:3      | Reached skill level 1 in Armour
  4077 | D:4      | Found a sand-covered staircase.
  4091 | Ossuary  | Entered an ossuary
  4161 | Ossuary  | Reached skill level 1 in Fighting
  4161 | Ossuary  | Reached skill level 1 in Poison Magic
  4161 | Ossuary  | Reached XP level 5. HP: 18/40 MP: 2/11
  4170 | Ossuary  | Slain by a water moccasin zombie

Illustrated notes

Levels and vault maps discovered:
D:1:      dpeg_arrival_tiny_a, layout_basic,
          ebering_ecumenical_altar_sacrificial, st_stairs_13
D:2:      layout_rooms
D:3:      layout_loops_cross
D:4:      layout_rooms, kennysheep_mini_moat, minmay_temple_entry_butterflies,
          serial_curves, eino_curves_01, eino_curves_01, eino_curves_02,
          enter_ossuary_4, serial_shops, nicolae_shop_advertising_works
          [nicolae_subvault_shop_adworks]
Ossuary:  ossuary_tomb_2

Skill      XL: |  1  2  3  4 |
---------------+-------------+-----
Air Magic      | 3 4 |  4.5
Spellcasting   | 2 |  2.2
Conjurations   | 1 |  1.3
Dodging        | 2 |  2.2
Armour         | 1 |  1.2
Fighting       | 1 |  1.0
Poison Magic   | 1 |  1.0
Stealth        | |  1.7

Action                   |  1- 3 |  4- 6 || total
-------------------------+-------+-------++-------
Melee: Dagger            |    23 |    33 ||    56
       Punch             |       |     1 ||     1
 Cast: Shock             |   107 |    46 ||   153
       Static Discharge  |       |     5 ||     5
       Poisonous Vapours |       |     2 ||     2
  Use: Scroll            |     2 |     3 ||     5
Armor: Robe              |     3 |     7 ||    10
Dodge: Dodged            |    35 |    35 ||    70
